 Dungeon Crawl Stone Soup version 0.30.1-9-gdf580d7c3d (webtiles) character file.

Game seed: 10438913840460193635

77 tizbic2 the Gusty (level 4, 0/33 HPs)
             Began as a Draconian Air Elementalist on Sept 30, 2023.
             Killed from afar by Ijyb (15 damage)
             ... with a bolt of dispelling energy
             ... on level 2 of the Dungeon.
             The game lasted 00:07:51 (1523 turns).

tizbic2 the Gusty (Draconian Air Elementalist)      Turns: 1523, Time: 00:07:52

Health: 0/33       AC: 12    Str: 13    XL:     4   Next: 14%
Magic:  4/7        EV: 11    Int: 15    God:
Gold:   110        SH:  5    Dex: 11    Spells: 3/8 levels left

rFire   . . .        b - staff of cold
rCold   + . .        d - +2 buckler {AC+3}
rNeg    . . .        (body armour unavailable)
rPois   .            (helmet restricted)
rElec   .            (no cloak)
rCorr   .            j - +0 pair of gloves
SInv    .            e - +2 pair of boots
Will    .....        (no amulet)
Stlth   ++           (no ring)
HPRegen 0.25/turn    (no ring)
MPRegen 0.10/turn

%: no passive effects
@: no status effects
A: AC +5, unfitting armour, cold-blooded
a: no special abilities


You were on level 2 of the Dungeon.
You visited 1 branch of the dungeon, and saw 3 of its levels.

You collected 110 gold pieces.

Inventory:

Armour
 d - a +2 buckler of protection (worn)
 e - a +2 pair of boots (worn)
 j - a +0 pair of gloves (worn)
Magical Staves
 b - a staff of cold (weapon)
Scrolls
 g - a scroll of poison {unknown}
 h - a scroll of magic mapping {unknown}
 i - a scroll of immolation {unknown}


   Skills:
 + Level 1.3 Staves
 - Level 2.2 Dodging
 - Level 1.7 Stealth
 * Level 0.0 Shields
 + Level 2.5 Spellcasting
 + Level 1.7 Conjurations
 + Level 0.1 Summonings
 - Level 1.1 Ice Magic
 + Level 3.3 Air Magic


You had 3 spell levels left.
You knew the following spells:

 Your Spells              Type           Power      Damage    Failure   Level
a - Shock                 Conj/Air       36%        1d5       11%         1
b - Summon Lightning Spi  Summ/Air       7%         N/A       82%         4

Your spell library contained the following spells:

 Spells                   Type           Power      Damage    Failure   Level
 Static Discharge         Conj/Air       18%        2-3/arc   16%         2
 Swiftness                Air            12%        N/A       22%         3
 Blink                    Tloc           2%         N/A       41%         2
 Airstrike                Air            6%         2d(1-17)  58%         4
 Manifold Assault         Tloc           1%         N/A       96%         4
 Storm Form               Tmut/Air       3%         N/A       100%        7


Dungeon Overview and Level Annotations

Branches:
Dungeon (3/15)

Altars:

Annotations:
D:2 Ijyb


Innate Abilities, Weirdness & Mutations

Your plain brown scales are hard. (AC +5)
You cannot fit into any form of body armour.
You are cold-blooded and may be slowed by cold attacks.


Message History

You are very lightly contaminated with residual magic.
Nothing appears to happen.
The bat barely misses you. Ijyb hits you with a +0 dagger.
It was a potion of curing.
You feel better. Ijyb barely misses you.
You barely miss Ijyb.
Your tail-slap misses Ijyb.
Ijyb is lightly wounded.
The bat hits you but does no damage. Ijyb hits you but does no damage.
You hit Ijyb but do no damage.
Ijyb is lightly wounded.
The bat hits you.
Ijyb zaps a wand.
The bolt of dispelling energy hits you!
Ouch! That really hurt!
* * * LOW HITPOINT WARNING * * *
As you read the scroll of teleportation, it crumbles to dust.
You feel strangely unstable. Ijyb barely misses you.
The bat closely misses you.
It was a potion of lignification.
You turn into a tree.
Your +0 pair of gloves melds into your body.
Your +2 pair of boots melds into your body.
Your roots penetrate the ground.
You feel strangely stable. You block the bat's attack.
The bat hits you but does no damage.
Ijyb zaps a wand.
The bolt of dispelling energy hits you.
Your magical effects are unravelling.
* * * LOW HITPOINT WARNING * * *
It was a potion of heal wounds.
You feel much better.
You feel less wooden.
Your +0 pair of gloves unmelds from your body.
Your +2 pair of boots unmelds from your body.
The bat hits you but does no damage. Ijyb barely misses you.
Your magical contamination has completely faded away.
You hit Ijyb.
Ijyb is moderately wounded.
Ijyb barely misses you. You block the bat's attack. You block Ijyb's attack.
Aiming: Shock (safe; 11% risk of failure)
Press: ? - help, Q - select action Shift-Dir - straight line, f/p - Ijyb
Aim: Ijyb, wielding a +0 dagger, wearing a +0 scale mail and carrying a wand of quicksilver (8) (moderately wounded, 64% to hit)
The zap hits Ijyb but does no damage.
Ijyb is moderately wounded.
The bat barely misses you.
Ijyb zaps a wand.
The bolt of dispelling energy hits you!
You die...

...# #......># #.#
...# #...)...# #.#
...# #.......## #.#
...# #######.รท###
#>## ...# #....##
#..# ...# #.....#
##.# ..## #.....#
#.## .## #b....###
#..# ###
#@g.....#####.# ..#
#....##...# #.# ..#
#######.[..####.#
#.## ..#
######..........#
#.###..#
..###<..)^.#####....#
#...##.# ......######
#....# ###.##.#
.<##### ###.## #.##.#
....## ##.# #.##.#
..#..# #..# #..#.#


You could see Ijyb and a bat.

Vanquished Creatures
  3 adders (D:2)
  3 dart slugs
  4 bats
  2 endoplasms
  A giant cockroach (D:1)
  6 goblins
  2 hobgoblins
  4 kobolds
  5 quokkas
  5 ball pythons
  2 frilled lizards
  4 rats
41 creatures vanquished.

Notes
Turn   | Place    | Note
-------+----------+-------------------------------------------
     0 | D:1      | tizbic2 the Draconian Air Elementalist began the quest for
                  | the Orb.
     0 | D:1      | Reached XP level 1. HP: 14/14 MP: 3/3
   279 | D:1      | Reached XP level 2. HP: 20/20 MP: 0/5
   924 | D:2      | Reached XP level 3. HP: 25/26 MP: 4/6
   956 | D:2      | Reached skill level 1 in Staves
  1038 | D:2      | Reached skill level 1 in Ice Magic
  1157 | D:2      | Reached XP level 4. HP: 33/33 MP: 0/7
  1192 | D:2      | Learned a level 4 spell: Summon Lightning Spire
  1263 | D:2      | Identified a scroll of acquirement
  1263 | D:2      | Acquired a +2 buckler of protection
  1502 | D:3      | Noticed Ijyb
  1523 | D:2      | Killed from afar by Ijyb

Illustrated notes

Levels and vault maps discovered:
D:1:      dpeg_arrival_leaves_temple_mockup, layout_basic
D:2:      layout_rooms
D:3:      layout_rooms, uniq_ijyb

Skill      XL: |  1  2  3 |
---------------+----------+-----
Dodging        | 2 |  2.2
Staves         | 1 |  1.3
Ice Magic      | 1 |  1.1
Stealth        | |  1.7
Spellcasting   | |  2.5
Conjurations   | |  1.7
Summonings     | |  0.1
Air Magic      | |  3.3

Action                     |  1- 3 |  4- 6 || total
---------------------------+-------+-------++-------
  Melee: Staff             |    68 |    29 ||    97
         Tailslap          |     9 |     1 ||    10
   Cast: Shock             |    42 |    12 ||    54
    Use: Potion            |     1 |     3 ||     4
         Scroll            |     1 |     5 ||     6
   Stab: Sleeping          |     3 |       ||     3
 Armour: Skin              |    29 |    20 ||    49
  Dodge: Dodged            |    81 |    36 ||   117
  Block: Buckler           |       |     8 ||     8
